 Dungeon Crawl Stone Soup version 0.29.1-13-g9f3cf754e1 (webtiles) character file.

Game seed: 10559478289783802420

78 cdecastro the Chopper (level 4, -4/39 HPs)
             Began as a Hill Orc Fighter on Feb 7, 2023.
             Was an Initiate of Dithmenos.
             Slain by a gnoll
             ... wielding a +0 spear
              (6 damage)
             ... on level 3 of the Dungeon.
             The game lasted 00:02:39 (2091 turns).

cdecastro the Chopper (Hill Orc Fighter)            Turns: 2091, Time: 00:02:40

Health: -4/39      AC:  6    Str: 20    XL:     4   Next: 36%
Magic:  4/4        EV:  9    Int:  8    God:    Dithmenos [......]
Gold:   21         SH:  0    Dex: 10    Spells: 3/3 levels left

rFire   . . .      SeeInvis .   a - +0 war axe
rCold   . . .      Faith    .   (no shield)
rNeg    . . .      Spirit   .   b - +0 scale mail
rPois   .          Reflect  .   (no helmet)
rElec   .          Harm     .   (no cloak)
rCorr   .          Rampage  .   (no gloves)
Will    .....                   (no boots)
Stlth   ..........              (no amulet)
HPRegen 0.13/turn               (no ring)
MPRegen 0.09/turn               (no ring)

@: no status effects
A: no striking features
a: Renounce Religion


You were on level 3 of the Dungeon.
You worshipped Dithmenos.
Dithmenos was noncommittal.
You visited 1 branch of the dungeon, and saw 3 of its levels.

You collected 21 gold pieces.

Inventory:

Hand Weapons
 a - a +0 war axe (weapon)
Missiles
 k - 5 javelins (quivered)
 n - 2 poisoned darts
Armour
 b - a +0 scale mail (worn)
 c - a +0 buckler
Jewellery
 h - a ring of flight
 o - a +6 ring of intelligence
Wands
 p - a wand of iceblast (9)
Scrolls
 g - 2 scrolls of fear {unknown}
 j - 2 scrolls of identify {unknown}
 m - 3 scrolls of enchant armour {unknown}
Potions
 d - a potion of might
 e - a potion of degeneration {unknown}
 f - 3 potions of flight {unknown}
 i - 3 potions of curing {unknown}
 l - a potion of lignification {unknown}


   Skills:
 - Level 3.6 Fighting
 + Level 6.0 Axes
 - Level 3.2 Armour
 - Level 3.2 Shields


You had 3 spell levels left.
You didn't know any spells.
Your spell library contained the following spells:

 Spells                   Type           Power      Damage    Failure   Level
 Ensorcelled Hibernation  Hex/Ice        0%         N/A       88%         2
 Passwall                 Tmut/Erth      0%         N/A       88%         2
 Swiftness                Air            0%         N/A       98%         3
 Animate Dead             Necr           0%         N/A       100%        4
 Dispel Undead            Necr           0%         3d6       100%        4
 Hailstorm                Conj/Ice       0%         3d3       100%        4
 Borgnjor's Vile Clutch   Necr/Erth      0%         N/A       100%        5


Dungeon Overview and Level Annotations

Branches:
Dungeon (3/15)

Altars:
Ashenzari
Dithmenos


Message History

The worm barely misses you.
A gnoll comes into view. It is wielding a +0 spear.
You slash the worm!
The worm is almost dead.
You hit the worm.
You kill the worm!
Dithmenos accepts your kill.
A gnoll comes into view.
It is wielding a +1 halberd of protection.
You closely miss the orc. The orc hits you with a +0 hand axe.
You slash the orc!
You kill the orc!
Dithmenos accepts your kill.
You barely miss the orc. The orc misses you.
A gnoll comes into view. It is wielding a +0 whip.
You barely miss the orc. The orc barely misses you.
You hit the orc.
The orc is heavily wounded.
The orc hits you but does no damage.
You hit the orc.
You kill the orc!
Dithmenos accepts your kill.
You closely miss the orc. The orc closely misses you.
The gnoll hits you but does no damage.
You closely miss the orc. The orc barely misses you.
The gnoll hits you from afar with a +0 spear. x2
* * * LOW HITPOINT WARNING * * *
The orc barely misses you.
You slash the orc!
You kill the orc!
Dithmenos accepts your kill.
The gnoll hits you from afar with a +0 spear.
* * * LOW HITPOINT WARNING * * *
Your Axes skill increases to level 6!
The orc hits you but does no damage. The gnoll completely misses you.
The gnoll hits you from afar with a +0 halberd!
* * * LOW HITPOINT WARNING * * *
Items here: $ )))) [[ †††.
The orc jeers repeatedly.
The gnoll hits you from afar with a +0 spear.
You die... .......≈§..[. .........._ .....≈§.. ....≈.. ..... §!≈§ ... ogg

.§§.. .... #g##.#.. .....
#)#.... ##. .#.... #@#..#
.. .......###.#.#### .#
..#.#...........# #.#
................# #..
.##..............#
..##.##............####..#
...#.##...................
.....#.......†......###.##
...##...........##.......


You could see 3 gnolls and an orc.

Vanquished Creatures
  An adder (D:3)
  3 worms
  2 dart slugs
  4 orcs (D:3)
  5 endoplasms
  2 giant cockroaches
  4 goblins
  3 hobgoblins (D:2)
  3 jackals (D:2)
  A quokka (D:1)
  5 ball pythons
  3 bats
  6 frilled lizards
  2 kobolds (D:1)
  8 rats
52 creatures vanquished.

Notes
Turn   | Place    | Note
-------+----------+-------------------------------------------
     0 | D:1      | cdecastro the Hill Orc Fighter began the quest for the Orb.
     0 | D:1      | Reached XP level 1. HP: 19/19 MP: 1/1
    41 | D:1      | Reached skill level 3 in Axes
    91 | D:1      | Got the Reference Book on the Snowy Mausoleum
   159 | D:1      | Reached XP level 2. HP: 26/26 MP: 2/2
   285 | D:1      | Reached skill level 4 in Axes
   508 | D:1      | Reached XP level 3. HP: 26/31 MP: 3/3
   862 | D:2      | Reached skill level 5 in Axes
  1871 | D:3      | Found a shadowy altar of Dithmenos.
  1913 | D:3      | Reached XP level 4. HP: 33/39 MP: 4/4
  1959 | D:3      | Became a worshipper of Dithmenos the Shadowed
  2065 | D:3      | Found a broken altar of Ashenzari.
  2090 | D:3      | Reached skill level 6 in Axes
  2090 | D:3      | HP: 1/39 [gnoll/+0 halberd (14)]
  2091 | D:3      | Slain by a gnoll

Illustrated notes

Levels and vault maps discovered:
D:1:      mrwooster_arrival_statue_3, layout_rooms
D:2:      layout_basic, hangedman_decor_growths
D:3:      layout_rooms, mainiacjoe_overflow_small_starburst,
          mainiacjoe_overflow_24_doors, minmay_randomly_rotated_circles

Skill      XL: |  1  2  3  4 |
---------------+-------------+-----
Axes           | 3 4 5 6 |  6.0
Fighting       | |  3.6
Armour         | |  3.2
Shields        | |  3.2

Action                   |  1- 3 |  4- 6 || total
-------------------------+-------+-------++-------
Melee: War axe           |   123 |    25 ||   148
Armor: Scale mail        |    84 |     4 ||    88
Dodge: Dodged            |    75 |    12 ||    87
Block: Buckler           |     1 |       ||     1
